Map: 宿怨战场-天梯版

Players

iAsonu - Winner!

  • Race: Zerg Zerg

PSiArc

  • Race: Terran Terran
  • League: Platinum

Event: WESG 2018 Grand Finals

VOD

Have the link to the VOD?

Description

Time

  • Played on: March 12, 2019, 1:45 a.m.
  • Length: 22:17

All games in this series

Show
View Real Time Build Order
Export as new Build Order

iAsonu Zerg - Winner!

Build Orders: Pool First, Swarm Host 

Get SALT Encoding   

  12  0:00  Drone  
  13  0:12  Overlord  
  13  0:17  Drone  
  14  0:30  Drone  
  14  0:31  Drone  
  14  0:35  Drone  
  17  0:44  Spawning Pool  
  17  0:47  Drone  
  17  1:08  Hatchery  
  17  1:10  Extractor  
  15  1:12  Drone  
  15  1:15  Drone  
  17  1:19  Drone  
  18  1:32  Zergling x2  
  19  1:34  Roach Warren  
  18  1:42  Queen  
  20  1:50  Overlord  
  20  1:56  Drone  
  21  2:01  Drone  
  22  2:18  Roach  
  22  2:22  Queen  
  26  2:23  Roach  
  26  2:26  Roach  
  30  2:32  Roach  
  32  2:42  Drone  
  33  2:45  Ravager  
  33  2:46  Drone  
  33  2:50  Drone  
  36  2:52  Overlord  
  36  3:03  Overlord  
  36  3:09  Overlord  
  36  3:11  Drone x2  
  36  3:12  Ravager  
  39  3:14  Drone  
  39  3:16  Drone  
  41  3:26  Drone x2  
  43  3:28  Drone  
  44  3:41  Drone x5  
  49  3:46  Metabolic Boost  
  49  3:47  Drone  
  49  3:48  Drone  
  51  3:53  Overlord  
  51  3:55  Drone  
  50  4:06  Spore Crawler  
  50  4:08  Hatchery  
  49  4:11  Queen  
  49  4:16  Drone x2  
  53  4:21  Overlord x2  
  53  4:25  Drone x2  
  53  4:29  Overlord  
  55  4:34  Extractor x2  
  55  4:36  Queen  
  55  4:38  Drone  
  55  4:39  Drone  
  55  4:41  Ravager  
  55  4:42  Drone x2  
  60  4:47  Drone  
  60  4:48  Drone x2  
  60  4:51  Queen  
  65  5:10  Overlord  
  65  5:11  Drone x6  
  65  5:13  Lair  
  71  5:22  Roach x5  
  71  5:25  Drone  
  82  5:30  Drone x3  
  82  5:32  Drone  
  82  5:35  Evolution Chamber  
  85  5:38  Evolution Chamber  
  85  5:40  Drone x2  
  86  5:44  Drone x3  
  86  5:46  Drone  
  86  5:47  Drone  
  91  5:50  Zergling x2  
  91  5:54  Zergling x4, Extractor  
  93  6:00  Drone x2  
  93  6:01  Drone, Zerg Ground Armor Level 1  
  93  6:04  Zerg Melee Weapons Level 1  
  96  6:05  Overlord  
  96  6:07  Extractor  
  96  6:08  Zergling x4  
  97  6:15  Zergling x2  
  97  6:19  Baneling Nest, Glial Reconstitution  
  97  6:21  Overseer  
  97  6:22  Overlord  
  96  6:27  Roach x5  
  96  6:32  Extractor  
  105  6:33  Overlord  
  105  6:35  Drone  
  105  6:39  Overlord  
  105  6:41  Overlord x2  
  105  6:44  Overlord x2  
  105  6:47  Overlord  
  105  6:50  Overlord  
  105  6:53  Drone x3  
  108  6:54  Infestation Pit  
  108  7:00  Overlord  
  107  7:04  Drone  
  107  7:06  Drone x2  
  110  7:11  Zergling x6, Hatchery  
  112  7:18  Overlord  
  112  7:19  Drone  
  113  7:25  Drone x4  
  113  7:26  Drone x4  
  114  7:38  Overlord  
  114  7:44  Swarm Host x4  
  120  7:54  Drone x6  
  120  7:58  Zerg Missile Weapons Level 1  
  126  7:59  Swarm Host  
  126  8:04  Drone x2  
  131  8:11  Overlord  
  131  8:14  Zerg Melee Weapons Level 2  
  131  8:15  Swarm Host x2  
  131  8:19  Overlord  
  137  8:23  Swarm Host  
  140  8:27  Drone x2, Centrifical Hooks  
  140  8:29  Drone x3  
  140  8:30  Drone  
  146  8:36  Roach x4  
  146  8:40  Ravager x7  
  155  8:46  Roach x3  
  161  8:52  Overlord  
  160  8:57  Overlord  
  160  8:59  Drone x2  
  160  9:01  Swarm Host x5  
  177  9:07  Overlord  
  177  9:10  Overlord  
  177  9:13  Spine Crawler  
  177  9:14  Spine Crawler  
  175  9:18  Roach x7  
  175  9:23  Swarm Host x3  
  198  9:31  Hive  
  198  9:37  Zergling x4  
  198  10:01  Hatchery  
  198  10:06  Roach x11  
  199  10:15  Ravager  
  199  10:17  Baneling x2  
  200  10:23  Roach x4  
  198  10:28  Zergling x4  
  198  10:33  Zerg Missile Weapons Level 2, Extractor  
  195  10:44  Ravager x4  
  191  10:53  Roach x11  
  191  10:56  Baneling  
  199  10:57  Baneling x3  
  199  11:00  Zergling x2  
  200  11:10  Roach  
  199  11:21  Spire, Zerg Melee Weapons Level 3  
  199  11:23  Baneling x2  
  199  11:25  Drone x2  
  200  11:28  Extractor  
  182  11:41  Drone x2  
  171  11:54  Roach x16  
  171  12:01  Roach x3  
  199  12:08  Ravager  
  197  12:12  Drone  
  184  12:29  Queen x2  
  188  12:31  Baneling x4  
  188  12:33  Zergling x20  
  191  12:55  Roach x16  
  184  13:12  Roach  
  184  13:13  Roach x3  
  156  13:27  Roach x5  
  156  13:28  Ravager x5  
  156  13:30  Roach  
  167  13:41  Roach x3  
  173  13:42  Ravager x4  
  169  13:59  Roach x3  
  170  14:03  Ravager  
  154  14:25  Overlord  
  154  14:28  Drone x3  
  157  14:38  Overlord  
  157  14:39  Drone x4  
  140  15:19  Drone x8  
  142  15:24  Ravager x2  
  144  15:43  Drone  
  145  15:59  Hatchery  
  138  16:37  Roach  
  138  16:38  Roach x8  
  132  16:50  Ravager x2  
  132  16:51  Ravager  
  132  16:52  Roach x3  
  141  16:58  Hatchery  
  137  17:14  Extractor  
  136  17:17  Viper  
  139  17:23  Zergling x20  
  139  17:29  Hatchery  
  148  17:35  Drone x4  
  146  18:02  Zergling x14  
  146  18:05  Zerg Missile Weapons Level 3  
  153  18:10  Drone  
  153  18:11  Hydralisk Den  
  147  18:13  Drone  
  147  18:16  Drone x8  
  156  18:25  Baneling  
  156  18:26  Baneling x8, Drone  
  156  18:27  Drone x8  
  165  18:28  Overlord  
  165  18:35  Roach x3  
  167  18:48  Zergling x2  
  167  18:49  Zergling x26  
  173  19:08  Hydralisk x4  
  176  19:16  Drone x3  
  178  19:19  Zergling x14  
  178  19:22  Baneling x4  
  178  19:23  Hatchery  
  182  19:42  Hydralisk  
  180  20:15  Muscular Augments  
  180  20:17  Drone x4  
  180  20:20  Extractor x2  
  182  20:27  Zergling x2  
  182  20:28  Zergling x26  
  189  20:36  Roach x3  
  187  20:48  Roach  
  181  20:56  Zergling x24  
  146  21:04  Drone x8  
  153  21:20  Drone  
  153  21:21  Drone  
  155  21:32  Zergling x24  
  166  21:38  Extractor  
  166  21:39  Extractor  
  164  21:47  Hydralisk x2  
Show
View Real Time Build Order
Export as new Build Order

PSiArc Terran 

Build Orders: Reaper Expand, Mech 

Get SALT Encoding   

  12  0:00  SCV  
  13  0:13  SCV  
  14  0:17  Supply Depot  
  14  0:25  SCV  
  15  0:39  SCV  
  15  0:40  Barracks  
  16  0:44  Refinery  
  16  0:51  SCV  
  17  1:03  SCV  
  18  1:15  SCV  
  19  1:27  Reaper, Orbital Command  
  20  1:40  Command Center  
  20  1:53  SCV  
  21  1:55  Supply Depot  
  21  1:58  Marine  
  22  2:04  Factory  
  22  2:08  SCV  
  23  2:18  Marine  
  23  2:20  SCV  
  25  2:32  SCV  
  26  2:38  Barracks Reactor  
  27  2:44  SCV  
  27  2:45  Marine  
  27  2:48  Bunker  
  27  2:49  Factory Tech Lab  
  28  2:53  Orbital Command  
  28  2:56  SCV  
  29  3:04  Marine  
  30  3:07  Siege Tank  
  30  3:08  SCV  
  34  3:20  SCV x2, Command Center  
  34  3:25  Marine  
  37  3:32  SCV x2  
  36  3:43  Marine  
  36  3:44  SCV  
  38  3:48  Supply Depot  
  38  3:50  Refinery  
  38  3:51  Supply Depot  
  38  4:10  Siege Tank, SCV x2  
  38  4:13  Refinery  
  44  4:17  Refinery  
  44  4:22  SCV x2  
  45  4:32  Supply Depot  
  45  4:33  Orbital Command  
  45  4:34  SCV x2  
  47  4:46  Factory, SCV x2  
  47  4:51  Starport  
  49  4:58  SCV x2  
  49  4:59  SCV  
  52  5:10  Armory  
  52  5:11  SCV x2  
  52  5:13  Barracks Reactor  
  52  5:14  Hellion, SCV  
  56  5:15  Factory  
  56  5:23  SCV x2  
  56  5:24  Supply Depot  
  56  5:26  SCV  
  59  5:30  Armory  
  59  5:31  Engineering Bay  
  59  5:34  Viking  
  59  5:35  SCV x2  
  63  5:38  Siege Tank  
  63  5:40  Supply Depot, SCV  
  67  5:47  SCV x2  
  69  5:52  SCV  
  69  5:53  Hellion x2  
  74  5:58  Terran Vehicle Weapons Level 1  
  74  5:59  SCV x2  
  74  6:01  Factory Tech Lab  
  74  6:02  Supply Depot  
  76  6:06  Medivac  
  76  6:10  SCV  
  79  6:11  SCV x2  
  79  6:13  Thor  
  79  6:17  Hellion x2  
  91  6:20  Supply Depot  
  91  6:21  Supply Depot  
  91  6:23  Orbital Command  
  91  6:30  Supply Depot  
  91  6:34  SCV x2  
  91  6:37  Missile Turret  
  91  6:38  Missile Turret  
  91  6:39  Supply Depot  
  95  6:47  Hellion x2, SCV  
  95  6:49  SCV  
  95  6:50  Thor  
  95  6:52  Starport Reactor  
  95  6:53  SCV  
  106  6:54  Supply Depot  
  106  7:07  SCV x2  
  106  7:08  SCV  
  109  7:09  Terran Vehicle And Ship Armor Level 1  
  116  7:15  Hellion x2, Siege Tank  
  116  7:16  Refinery  
  116  7:19  SCV  
  116  7:20  SCV  
  116  7:21  Refinery  
  118  7:31  Viking x2  
  120  7:42  Hellion x2  
  122  7:44  Thor  
  126  7:57  Siege Tank  
  126  7:58  SCV x3  
  128  8:03  Supply Depot x3  
  128  8:07  Supply Depot, Command Center  
  128  8:10  SCV  
  128  8:11  Hellion x2, SCV  
  134  8:13  Terran Vehicle Weapons Level 2  
  134  8:14  Factory, SCV  
  134  8:15  Factory  
  135  8:22  SCV  
  135  8:25  SCV  
  137  8:29  Supply Depot  
  137  8:30  Supply Depot  
  137  8:42  Hellbat x2, Siege Tank, Thor  
  150  8:53  Viking x2  
  154  9:01  Factory Tech Lab, Factory Reactor  
  154  9:03  Hellbat x2  
  158  9:12  Command Center  
  158  9:13  Command Center  
  158  9:14  Thor  
  164  9:19  Infernal Pre-Igniter  
  164  9:22  Liberator  
  164  9:23  Liberator  
  161  9:25  Hellbat x2, Siege Tank  
  168  9:31  Supply Depot  
  168  9:32  Supply Depot  
  168  9:39  Hellbat x2  
  168  9:41  Siege Tank  
  168  9:45  Supply Depot  
  181  9:46  Supply Depot  
  181  9:52  Planetary Fortress  
  179  9:56  Refinery  
  179  9:59  Refinery  
  159  10:08  Thor  
  159  10:09  Hellbat x3  
  159  10:11  SCV  
  159  10:12  SCV  
  171  10:24  Command Center  
  164  10:28  Siege Tank x2  
  164  10:29  Hellbat  
  164  10:30  Hellbat  
  171  10:40  Hellbat  
  171  10:42  Hellion  
  175  10:44  Liberator x2  
  175  10:45  Terran Vehicle And Ship Armor Level 2  
  175  10:50  Hellbat  
  175  10:52  Siege Tank  
  169  11:00  Hellbat, Hellion  
  169  11:01  Hellbat  
  169  11:02  Missile Turret  
  181  11:05  Hellion x2  
  181  11:07  Factory  
  183  11:11  Hellion  
  183  11:21  Hellion  
  183  11:22  Hellion, Siege Tank  
  183  11:24  Siege Tank  
  193  11:27  Hellbat x2  
  197  11:33  Hellbat  
  197  11:37  Liberator x2  
  197  11:39  Barracks Reactor  
  195  11:43  Hellbat, Factory  
  197  11:48  Hellbat, Hellion  
  197  11:54  Hellion x3  
  185  11:55  Orbital Command  
  185  11:56  Orbital Command  
  182  12:03  Orbital Command  
  169  12:13  Hellbat x2  
  169  12:15  Hellbat, Terran Vehicle Weapons Level 3, Siege Tank  
  174  12:29  Hellbat, Thor  
  178  12:31  Factory Reactor  
  178  12:32  Factory Tech Lab  
  182  12:43  Hellbat  
  174  12:47  Thor  
  175  12:53  Hellbat x2  
  162  13:03  Siege Tank  
  143  13:26  Hellbat x2, Siege Tank  
  145  13:30  Hellbat, Siege Tank  
  145  13:31  Factory Tech Lab  
  145  13:32  Hellbat  
  145  13:33  Hellion x10  
  150  13:35  Siege Tank  
  127  13:49  Siege Tank  
  127  13:50  Hellbat  
  113  14:37  Hellbat, Hellion  
  113  14:38  Siege Tank, Thor  
  126  14:46  Orbital Command  
  126  14:48  Orbital Command  
  126  14:50  Orbital Command  
  97  15:01  Orbital Command  
  97  15:05  Hellion  
  97  15:06  Hellion  
  99  15:30  Medivac x2  
  99  15:33  Terran Vehicle And Ship Armor Level 3  
  99  15:57  Hellbat, Hellion, Thor  
  99  15:58  Hellbat  
  99  15:59  Siege Tank  
  114  16:20  Orbital Command  
  114  16:22  Orbital Command  
  114  16:29  Hellion, Siege Tank x2  
  114  16:30  Hellbat, Hellion  
  124  16:35  Orbital Command  
  118  16:46  Hellbat  
  118  16:47  Hellbat x2  
  124  16:50  Orbital Command  
  124  16:52  Hellbat x2  
  128  17:14  Refinery  
  128  17:15  Refinery  
  128  17:21  Hellbat x2  
  132  17:39  Hellion x5  
  130  17:47  Hellbat, Hellion, Siege Tank  
  130  17:48  Orbital Command  
  130  17:50  Hellbat x3  
  143  18:15  Refinery x2  
  143  18:29  Hellion x6  
  143  18:30  Hellbat x2, Thor  
  143  18:31  Siege Tank  
  148  18:49  Hellion x2  
  146  19:06  Hellion x2, Siege Tank  
  146  19:09  Orbital Command  
  135  19:12  Hellion  
  135  19:13  Hellion x2  
  131  19:18  Hellion x2  
  129  19:49  SCV x3  
  132  20:02  Hellbat, Siege Tank x2  
  134  20:18  Siege Tank  
  134  20:19  Hellbat, Siege Tank  
  111  20:43  Hellbat x2  
  111  20:44  Hellion  
  111  20:45  Orbital Command  
  79  21:04  Siege Tank  
  71  21:09  Orbital Command  
  67  21:45  SCV  
  63  21:49  Hellion x2  
Tags
 
Add a new tag
Caveats
  • Supply blocks, unpowered buildings, or Contaminate may cause inaccurate times.
  • Supply counts are checked every 10 seconds.